 Dungeon Crawl Stone Soup version 0.30-a0-779-g7971cf19c3 (webtiles) character file.

Game seed: 1677712003823759686

18 Darius099 the Covered (level 2, -3/27 HPs)
             Began as a Minotaur Fighter on Feb 17, 2023.
             Slain by an ogre
             ... wielding a +0 giant club
              (30 damage)
             ... on level 2 of the Dungeon.
             The game lasted 00:00:44 (688 turns).

Darius099 the Covered (Minotaur Fighter)             Turns: 688, Time: 00:00:45

Health: -3/27      AC:  7    Str: 20    XL:     2   Next: 48%
Magic:  1/1        EV: 24    Int:  5    God:
Gold:   28         SH:  4    Dex:  9    Spells: 1/1 levels left

rFire   . . .      SeeInvis .    a - +0 war axe
rCold   . . .      Faith    .    c - +0 buckler
rNeg    . . .      Spirit   .    b - +0 scale mail
rPois   .          Reflect  .    (helmet restricted)
rElec   .          Harm     .    (no cloak)
rCorr   .          Rampage  .    (no gloves)
Will    .....                    (no boots) Stlth
                                 i - amulet of the acrobat
HPRegen 0.24/turn                (no ring)
MPRegen 0.07/turn                (no ring)

@: acrobatic
A: horns 2, retaliatory headbutt
a: no special abilities


You were on level 2 of the Dungeon.
You visited 1 branch of the dungeon, and saw 2 of its levels.

You collected 28 gold pieces.

Inventory:

Hand Weapons
 a - a +0 war axe (weapon)
Missiles
 e - 8 stones (quivered)
Armour
 b - a +0 scale mail (worn)
 c - a +0 buckler (worn)
Jewellery
 i - an amulet of the acrobat (around neck)
Scrolls
 g - a scroll of magic mapping {unknown}
 k - 2 scrolls of enchant weapon {unknown}
 l - a scroll of enchant armour {unknown}
 m - a scroll of identify {unknown}
 n - a scroll of amnesia {unknown}
Potions
 d - 2 potions of might
 f - a potion of haste {unknown}
 h - a potion of berserk rage {unknown}
 j - a potion of lignification {unknown}


   Skills:
 + Level 3.9 Fighting
 + Level 2.8 Axes
 + Level 3.9 Armour
 + Level 3.9 Shields


You had one spell level left.
You didn't know any spells.
Your spell library was empty.

Dungeon Overview and Level Annotations

Branches:
Dungeon (2/15)

Altars:


Innate Abilities, Weirdness & Mutations

You have a pair of horns on your head.
You reflexively headbutt those who attack you in melee.


Message History

No target in view!
Done exploring.
No target in view!
There is a stone staircase leading down here.
You climb downwards.
There is a stone staircase leading up here.
There is a stone staircase leading up here.
A quokka comes into view.
You hit the quokka.
You kill the quokka!
No target in view!
Found a sling.
n - a scroll labelled FUINUD FESIX You now have 28 gold pieces (gained 8).
A ball python comes into view.
Found a dagger and a glowing short sword.
The ball python hisses angrily.
An endoplasm comes into view.
The endoplasm quivers.
The ball python bites you. The ball python misses you.
You closely miss the ball python. You headbutt the ball python.
The ball python is severely wounded.
The ball python barely misses you. You block the ball python's attack.
You closely miss the ball python.
The ball python is severely wounded.
The ball python barely misses you. x3; You furiously retaliate!
You headbutt the ball python.
You kill the ball python!
You slash the endoplasm!
You kill the endoplasm!
No target in view!
No target in view!
No target in view!
You see here a +2 short sword of electrocution.
An ogre comes into view. It is wielding a +0 giant club.
Found 4 stones.
The ogre shouts!
The ogre hits you with a +0 giant club!!
Ouch! That really hurt!
You die...

#.###.###.#
..#####.###.#
#.#
....).......#
#.#
.....##.)##..#
#.#
....##.......#
#.#
.........##.##
#.#
..#####.###.#
#.# .#. #@# #
# ....(.O.#
.########


You could see an ogre.

Vanquished Creatures
  3 endoplasms
  2 goblins (D:1)
  A hobgoblin (D:1)
  A quokka (D:2)
  3 ball pythons
  2 bats (D:1)
  2 frilled lizards (D:1)
  4 rats (D:1)
18 creatures vanquished.

Notes
Turn   | Place    | Note
-------+----------+-------------------------------------------
     0 | D:1      | Darius099 the Minotaur Fighter began the quest for the Orb.
     0 | D:1      | Reached XP level 1. HP: 19/19 MP: 0/0
   342 | D:1      | Reached XP level 2. HP: 27/27 MP: 1/1
   687 | D:2      | Noticed an ogre
   688 | D:2      | Slain by an ogre

Illustrated notes

Levels and vault maps discovered:
D:1:      ncdulo_wetmaze, layout_loops_ring
D:2:      layout_loops_ring

Action                     || total
---------------------------++-------
  Melee: War axe           ||    33
         Headbutt          ||     3
 Armour: Scale mail        ||     8
  Dodge: Dodged            ||    17
  Block: Buckler           ||     8

Table legend: (Time is in decaauts)
 A = Elapsed time spent in this place.
 B = Non-inter-level travel time spent in this place.
 C = Inter-level travel time spent in this place.
 D = Time resting spent in this place.
 E = Time spent auto-exploring this place.
 F = Levels seen in this place.
 G = Mean time per level.
                   A        B        C        D        E       F      G
               +--------+--------+--------+--------+--------+-----+--------+
         Total |    712 |    708 |      4 |      0 |    589 |   2 |  356.0 |
       Dungeon |    712 |    708 |      4 |      0 |    589 |   2 |  356.0 |
               +--------+--------+--------+--------+--------+-----+--------+

Top non-repeatable levels by time:
     D:1: 648 daAuts
     D:2: 63 daAuts
